 Dungeon Crawl Stone Soup version 0.28-a0-1518-gbe868bca14 (webtiles) character file.

Game seed: 5062458207630332076

35 buddhastalin the Chopper (level 3, 0/29 HPs)
             Began as a Draconian Berserker on Jan 16, 2022.
             Was a Follower of Trog.
             Succumbed to an adder's poison
             ... on level 2 of the Dungeon.
             The game lasted 00:01:33 (1090 turns).

buddhastalin the Chopper (Draconian Berserker)      Turns: 1090, Time: 00:01:33

Health: 0/29       AC:  5    Str: 19    XL:     3   Next: 16%
Magic:  3/3        EV: 12    Int:  9    God:    Trog [*.....]
Gold:   50         SH:  0    Dex: 12    Spells: 2/2 levels left

rFire   . . .      SeeInvis .   a - +0 hand axe
rCold   + . .      Faith    .   (no shield)
rNeg    . . .      Spirit   .   (armour unavailable)
rPois   .          Reflect  .   (helmet restricted)
rElec   .          Harm     .   (no cloak)
rCorr   .          Rampage  .   (no gloves)
Will    .....      Clarity  +   (no boots)
Stlth   +.........              (no amulet)
HPRegen 0.09/turn               e - ring of protection from cold
MPRegen 0.08/turn               (no ring)

@: lethally poisoned (0 -> -5)
A: AC +5, unfitting armour, cold-blooded, stinger 1, agile 1, clarity, frail 1
a: Renounce Religion, Berserk


You were on level 2 of the Dungeon.
You worshipped Trog.
Trog was aware of your devotion.
You visited 1 branch of the dungeon, and saw 2 of its levels.

You collected 50 gold pieces.

Inventory:

Hand Weapons
 a - a +0 hand axe (weapon)
Missiles
 h - 3 poisoned darts (quivered)
Jewellery
 e - a ring of protection from cold (left hand)
Scrolls
 c - a scroll of amnesia {unknown}
 f - a scroll of summoning {unknown}
 g - a scroll of magic mapping {unknown}


   Skills:
 + Level 3.7 Fighting
 * Level 3.7 Axes
 + Level 3.0 Dodging


You had 2 spell levels left.
You didn't know any spells.
Your spell library was empty.

Dungeon Overview and Level Annotations

Branches:
Dungeon (2/15)

Altars:


Innate Abilities, Weirdness & Mutations

Your plain brown scales are hard. (AC +5)
You cannot fit into any form of body armour.
You are cold-blooded and may be slowed by cold attacks.
Your tail ends in a venomous barb.
You are agile. (Dex +2)
You possess an exceptional clarity of mind.
You are frail. (-10% HP)


Message History

The adder bites you but does no damage.
You barely miss the adder.
The adder is heavily wounded.
The adder bites you but does no damage.
A ball python comes into view.
The adder bites you.
You are poisoned.
The adder poisons you!
You completely miss the adder.
The adder is heavily wounded.
You feel sick.
The ball python hisses angrily.
The adder closely misses you. The adder bites you.
You hit the adder.
The adder is severely wounded.
You feel sick. The adder closely misses you.
You closely miss the adder.
The adder is severely wounded.
You feel sick. The adder bites you.
* * * LOW HITPOINT WARNING * * *
You are lethally poisoned!
The adder poisons you! The adder misses you.
You hit the adder.
You kill the adder!
Trog accepts your kill.
* * * LOW HITPOINT WARNING * * *
You feel very sick.
You have reached level 3!
Your experience leads to an increase in your attributes!
Increase (S)trength, (I)ntelligence, or (D)exterity?
You feel clever. x2; Your scales feel tougher.
It was a potion of magic.
Magic courses through your body.
* * * LOW HITPOINT WARNING * * *
You feel sick. The ball python bites you.
* * * LOW HITPOINT WARNING * * *
The ball python misses you.
It was a potion of mutation.
You feel extremely strange.
Your thoughts seem clearer.
You feel agile.
You feel frail.
A venomous barb forms on the end of your tail.
You die...

#.# #.# # #.#
#..####.#
.......<#
..####..##
#.#.#########
...###........#
......[.@.####.#
#.#.#.#.#S#.# ..
..........# #
#.#.#.#.#.#. ...
.... ...# #
#.#.# #.#. ....
...# #.# #.#


You could see a ball python.

Vanquished Creatures
  An adder (D:2)
  3 dart slugs (D:1)
  A giant cockroach (D:1)
  3 hobgoblins (D:1)
  2 jackals (D:1)
  A quokka (D:1)
  2 ball pythons (D:1)
  4 bats
  A kobold (D:1)
  A rat (D:1)
19 creatures vanquished.

Notes
Turn   | Place    | Note
-------+----------+-------------------------------------------
     0 | D:1      | buddhastalin the Draconian Berserker began the quest for
                  | the Orb.
     0 | D:1      | Reached XP level 1. HP: 19/19 MP: 1/1
   147 | D:1      | Found a faded altar of an unknown god.
   290 | D:1      | Reached XP level 2. HP: 25/26 MP: 2/2
  1089 | D:2      | Reached XP level 3. HP: 4/33 MP: 3/3
  1089 | D:2      | HP: 1/33 [ball python (1)]
  1090 | D:2      | Gained mutation: You possess an exceptional clarity of
                  | mind. [potion of mutation]
  1090 | D:2      | Gained mutation: You are agile. (Dex +2) [potion of
                  | mutation]
  1090 | D:2      | Gained mutation: You are frail. (-10% HP) [potion of
                  | mutation]
  1090 | D:2      | Gained mutation: Your tail ends in a venomous barb. [potion
                  | of mutation]
  1090 | D:2      | Succumbed to an adder's poison

Illustrated notes

Levels and vault maps discovered:
D:1:      scummos_arrival_gate, layout_basic, shapermc_ecumenical_altar_gd,
          minmay_three_crescents
D:2:      layout_loops_ring, hex_large, hangedman_decor_push,
          minmay_misc_feat_square

Skill      XL: |  1  2 |
---------------+-------+-----
Dodging        | 3 |  3.0
Fighting       | |  3.7
Axes           | |  3.7

Action                   || total
-------------------------++-------
Melee: Hand axe          ||    69
       Tailslap          ||     3
  Use: Potion            ||     2
 Stab: Sleeping          ||     2
Armor: Skin              ||    29
Dodge: Dodged            ||    49

Table legend: (Time is in decaauts)
 A = Elapsed time spent in this place.
 B = Non-inter-level travel time spent in this place.
 C = Inter-level travel time spent in this place.
 D = Time resting spent in this place.
 E = Time spent auto-exploring this place.
 F = Levels seen in this place.
 G = Mean time per level.
                   A        B        C        D        E       F      G
               +--------+--------+--------+--------+--------+-----+--------+
         Total |   1098 |   1073 |     25 |    282 |    647 |   2 |  549.0 |
       Dungeon |   1098 |   1073 |     25 |    282 |    647 |   2 |  549.0 |
               +--------+--------+--------+--------+--------+-----+--------+

Top non-repeatable levels by time:
     D:1: 1074 daAuts
     D:2: 23 daAuts
